 Dungeon Crawl Stone Soup version 0.30-a0-760-g5a9884bb7c (webtiles) character file.

Game seed: 1753721806549475856

72 BRD the Chopper (level 4, 34/34 HPs)
             Began as a Demonspawn Gladiator on Feb 11, 2023.
             Quit the game on level 3 of the Dungeon.
             The game lasted 00:01:34 (838 turns).

BRD the Chopper (Demonspawn Gladiator)               Turns: 838, Time: 00:01:35

Health: 34/34      AC:  6    Str: 14    XL:     4   Next: 7%
Magic:  4/4        EV: 12    Int: 12    God:
Gold:   120        SH:  0    Dex: 14    Spells: 3/3 levels left

rFire   . . .      SeeInvis .    a - +0 war axe
rCold   . . .      Faith    .    (no shield)
rNeg    . . .      Spirit   .    b - +0 leather armour
rPois   .          Reflect  .    c - +0 helmet
rElec   .          Harm     .    (no cloak)
rCorr   .          Rampage  .    (no gloves)
Will    .....                    (no boots)
Stlth   +                        (no amulet)
HPRegen 0.25/turn                (no ring)
MPRegen 0.09/turn                (no ring)

@: no status effects
A: yellow scales 1, demonic touch 1
a: no special abilities


You were on level 3 of the Dungeon.
You visited 1 branch of the dungeon, and saw 3 of its levels.

You collected 120 gold pieces.

Inventory:

Hand Weapons
 a - a +0 war axe (weapon)
Missiles
 d - 3 throwing nets
 e - a javelin (quivered)
Armour
 b - a +0 leather armour (worn)
 c - a +0 helmet (worn)
Jewellery
 m - a ring of ice
Scrolls
 g - a scroll of blinking {unknown}
 k - a scroll of magic mapping {unknown}
 n - a scroll of poison {unknown}
Potions
 f - 2 potions of heal wounds {unknown}
 h - a potion of cancellation {unknown}
 i - 3 potions of invisibility {unknown}
 j - a potion of curing {unknown}
 l - a potion of degeneration {unknown}
 o - a potion of brilliance {unknown}


   Skills:
 + Level 2.9 Fighting
 + Level 3.3 Axes
 - Level 2.0 Throwing
 + Level 3.3 Dodging


You had 3 spell levels left.
You didn't know any spells.
Your spell library was empty.

Dungeon Overview and Level Annotations

Branches:
Dungeon (3/15)

Altars:


Innate Abilities, Weirdness & Mutations

You are partially covered in yellow scales. (AC +2)
Your touch may inflict minor irresistible damage on your foes.


Message History

The endoplasm quivers.
You hit the endoplasm.
The endoplasm is lightly wounded.
The endoplasm freezes you.
You are frozen.
The endoplasm hits you but does no damage.
You barely miss the endoplasm.
The endoplasm is lightly wounded.
The endoplasm hits you but does no damage.
You slash the endoplasm!
You kill the endoplasm!
HP restored.
A kobold comes into view. It is wielding a +0 short sword.
The kobold shouts!
The kobold closely misses you.
You closely miss the kobold. The kobold barely misses you. x2
A kobold is nearby!
You barely miss the kobold. The kobold barely misses you.
You hit the kobold. Your touch misses the kobold.
The kobold is severely wounded.
The kobold barely misses you.
You closely miss the kobold.
The kobold is severely wounded.
The kobold completely misses you. The kobold closely misses you.
You slash the kobold!
You kill the kobold!
No target in view!
Things that are here:
a +0 short sword; 3 stones; a kobold corpse
Found a stone staircase leading up.
There is a stone staircase leading up here.
Found a stone staircase leading up.
Found a stone staircase leading down.
There is a stone staircase leading down here.
o - a grey potion You now have 120 gold pieces (gained 6).
A bat comes into view.
A bat is nearby!
A bat is nearby!
Are you sure you want to abandon this character and quit the game? (Confirm with "yes".)

##. #.. #..
#<. #####..
.......
#..####
######.
.b.....## #.
#@############
#>
#............#
#.
############.#
##. #.# #..
#.# #.#
#.###..
#......
######. #.


You could see a bat (asleep).

Vanquished Creatures
  3 gnolls (D:2)
  An adder (D:2)
  2 worms (D:2)
  2 dart slugs
  5 endoplasms
  A giant cockroach (D:1)
  2 goblins (D:1)
  2 kobolds
  A quokka (D:1)
  A ball python (D:2)
  4 bats
  2 frilled lizards (D:1)
  2 rats
28 creatures vanquished.

Vanquished Creatures (others)
  11 plants (D:3)
11 creatures vanquished.

Grand Total: 39 creatures vanquished

Notes
Turn   | Place    | Note
-------+----------+-------------------------------------------
     0 | D:1      | BRD the Demonspawn Gladiator began the quest for the Orb.
     0 | D:1      | Reached XP level 1. HP: 16/16 MP: 1/1
   102 | D:1      | Gained mutation: Your touch may inflict minor irresistible
                  | damage on your foes. [demonic ancestry]
   102 | D:1      | Reached XP level 2. HP: 20/22 MP: 2/2
   277 | D:1      | You fall into a shaft and drop 1 floor!
   342 | D:2      | Gained mutation: You are partially covered in yellow
                  | scales. (AC +2) [demonic ancestry]
   342 | D:2      | Reached XP level 3. HP: 20/28 MP: 3/3
   523 | D:2      | Reached XP level 4. HP: 34/34 MP: 4/4
   838 | D:3      | Quit the game

Illustrated notes

Levels and vault maps discovered:
D:1:      eino_arrival_cavern_e, layout_loops_ring, serial_park_tiny_pond
D:2:      layout_rooms, basic_altar, serial_park_tiny_pond, minmay_statues_item
D:3:      minmay_spotlight, layout_loops_ring, serial_glass, glass_columns_a,
          glass_columns_a, hangedman_abyss_or_decor_lesser_grid,
          glass_columns_a, serial_bayou_lagoon_a, uniq_robin

Skill      XL: |  1  2 |
---------------+-------+-----
Throwing       | 2 |  2.0
Axes           | 3 |  3.3
Dodging        | 3 |  3.3
Fighting       | |  2.9

Action                     |  1- 3 |  4- 6 || total
---------------------------+-------+-------++-------
  Melee: War axe           |    53 |    12 ||    65
         Touch             |     8 |       ||     8
 Armour: Leather armour    |    32 |     6 ||    38
  Dodge: Dodged            |    45 |     9 ||    54

Table legend: (Time is in decaauts)
 A = Elapsed time spent in this place.
 B = Non-inter-level travel time spent in this place.
 C = Inter-level travel time spent in this place.
 D = Time resting spent in this place.
 E = Time spent auto-exploring this place.
 F = Levels seen in this place.
 G = Mean time per level.
                   A        B        C        D        E       F      G
               +--------+--------+--------+--------+--------+-----+--------+
         Total |    859 |    825 |     34 |      0 |    634 |   3 |  286.3 |
       Dungeon |    859 |    825 |     34 |      0 |    634 |   3 |  286.3 |
               +--------+--------+--------+--------+--------+-----+--------+

Top non-repeatable levels by time:
     D:2: 442 daAuts
     D:1: 286 daAuts
     D:3: 131 daAuts
